 Dungeon Sprint DCSS version 0.31-a0-1-g4198be8af4 (webtiles) character file.

Game seed: 11276575497501460251

7597 sircluck the Bludgeoner (level 11, 0/79 HPs)
             Began as a Gargoyle Fighter on May 2, 2023.
             Was a Believer of Zin.
             Killed from afar by a manticore (24 damage)
             ... with a volley of spikes
             ... in the Dungeon (Sprint VII: "The Pits").
             The game lasted 00:06:55 (1645 turns).

sircluck the Bludgeoner (Gargoyle Fighter)          Turns: 1645, Time: 00:06:56

Health: 0/79       AC: 29    Str: 26    XL:     11   Next: 17%
Magic:  13/13      EV: 12    Int:  9    God:    Zin [**....]
Gold:   0          SH:  0    Dex: 13    Spells: 10/10 levels left

rFire   . . .        s - +2 dire flail (heavy)
rCold   . . .        (shield currently unavailable)
rNeg    + . .        p - +2 plate armour
rPois   ∞            (no helmet)
rElec   +            t - +0 cloak
rCorr   .            u - +0 pair of gloves
SInv    .            (no boots)
Will    .....        (no amulet) Stlth
                     j - +3 ring of evasion
HPRegen 0.33/turn    r - +3 ring of dexterity
MPRegen 0.13/turn

%: no teleportation
@: vitalised, spiked, on recite cooldown
A: sickness immunity, AC +8, negative energy resistance 1, electricity
resistance, torment resistance 1, petrification resistance
a: Renounce Religion, Recite, Vitalisation, Donate Gold


You were in the Dungeon.
You worshipped Zin.
Zin was pleased with you.
You visited 1 branch

Inventory:

Hand Weapons
 a - a +0 flail
 k - a +2 mace
 o - a +1 mace of protection
 s - a +2 heavy dire flail (weapon)
 x - a +1 dagger of venom
Missiles
 w - 9 poisoned darts (quivered)
Armour
 b - a +0 scale mail
 c - a +0 buckler
 p - a +2 plate armour (worn)
 q - a +3 chain mail
 t - a +0 cloak (worn)
 u - a +0 pair of gloves (worn)
 v - a +0 cloak
Jewellery
 j - a +3 ring of evasion (left hand)
 r - a +3 ring of dexterity (right hand)
Scrolls
 m - 5 scrolls of amnesia
 n - a scroll of summoning
Potions
 d - a potion of might
 e - 5 potions of curing
 f - 4 potions of heal wounds
 g - a potion of haste
 h - 4 potions of magic
 i - 3 potions of berserk rage
 l - 2 potions of invisibility


   Skills:
 + Level 13.9 Fighting
 + Level 15.7 Maces & Flails
 + Level 3.3 Throwing
 + Level 14.6 Armour
 + Level 4.4 Dodging
 + Level 2.1 Stealth
 + Level 11.3 Shields
 + Level 3.4 Invocations


You had 10 spell levels left.
You didn't know any spells.
Your spell library was empty.

Dungeon Overview and Level Annotations

Branches:
Dungeon (1/1)

Altars:
Ashenzari
Cheibriados
Dithmenos
Elyvilon
Fedhas
Gozag
Hepliaklqana
Kikubaaqudgha
Makhleb
Nemelex Xobeh
Okawaru
Qazlal
Ru
Sif Muna
Trog
Uskayaw
Vehumet
Wu Jian
Xom
Yredelemnul
Zin
The Shining One
Jiyva
Lugonu


Innate Abilities, Weirdness & Mutations

You are immune to sickness and miasma.
Your stone body is resilient. (AC +8)
You are immune to poison.
You resist negative energy. (rN+)
You are resistant to electric shocks. (rElec)
You are resistant to unholy torment.
You are immune to petrification.


Message History

The tarantella touches you but does no damage.
The troll barely misses you.
The troll claws you but does no damage. x2
The orc high priest hits you but does no damage.
The hell rat bites you but does no damage.
Unknown command.
You perforate the tarantella like a sieve!!!
You kill the tarantella!
The troll barely misses you. x2; The troll claws you but does no damage.
The orc high priest closely misses you.
The hell rat bites you but does no damage.
Unknown command.
You puncture the wyvern!
The wyvern is heavily wounded. "...profanity they shall be!
Zin will expel them again..."
The hell rat stumbles about in disarray.
You hear a shout!
The wyvern bites you but does no damage.
The orc high priest prays to Beogh.
The troll bites you but does no damage. The troll closely misses you.
The troll barely misses you. The hell rat barely misses you.
The wyvern bites you but does no damage.
You hear a shout! x2
You barely miss the wyvern.
The wyvern is heavily wounded. "...and again, and again!"
You finish reciting Anathema 14:14.
The wyvern barely misses you. The hell rat misses you.
The troll barely misses you. x2; The troll misses you.
The orc high priest barely misses you.
You impale the wyvern!!
You kill the wyvern!
The hellwing swoops through the air toward you!
The hellwing barely misses you. x2
The hell rat bites you but does no damage.
The troll bites you but does no damage.
The troll claws you but does no damage. x2
The orc high priest hits you but does no damage.
The manticore flicks its tail.
The volley of spikes hits you!!
The barbed spikes become lodged in your body.
You die... # .#. #. #### #+# ... ... #..#####.## ##'## #.#. #....##...# #...#hk... '.....#...# #...#g...B '.....'...+ +.3CB.5hgf

'.)...#...# #oH4#
#....##...# #r†T#
#..#####(## ##@##
####...#†######.4.##
##.....[)÷......#..#
#..............###..#
################ ###


You could see a boulder beetle, an orc high priest, an orange demon (summoned),
a manticore, a cyclops, a hellwing (summoned), a troll, a smoke demon
(summoned), a rime drake, a wolf, a hell rat (confused) and a gnoll.

Vanquished Creatures
  An orc high priest (D)
  A lindwurm (D)
  Pikel (D)
  A deep elf zephyrmancer (D)
  A cane toad (D)
  4 kobold demonologists (D)
  A komodo dragon (D)
  A guardian mummy (D)
  Prince Ribbit (D)
  A tarantella (D)
  6 dream sheep (D)
  A flying skull (D)
  Sigmund (D)
  A wyvern (D)
  Menkaure (D)
  A warg (D)
  A water moccasin (D)
  4 orc warriors (D)
  11 wolves (D)
  A lemure (D)
  3 kobold brigands (D)
  A gnoll sergeant (D)
  A scorpion (D)
  A quasit (D)
  2 orc priests (D)
  2 orc wizards (D)
  A gnoll (D)
  An adder (D)
  A river rat (D)
  An adder skeleton (D)
  8 orcs (D)
  A ball python (D)
  A bat (D)
  A bat skeleton (D)
  An endoplasm (D)
  3 kobolds (D)
  2 ball python zombies (D)
  A frilled lizard (D)
  A goblin (D)
  A rat (D)
75 creatures vanquished.

Notes
Turn   | Place    | Note
-------+----------+-------------------------------------------
     0 | D        | sircluck the Gargoyle Fighter began the quest for the Orb.
     0 | D        | Reached XP level 1. HP: 14/14 MP: 1/1
    18 | D        | Reached XP level 2. HP: 20/20 MP: 2/2
    22 | D        | Found a bloodstained altar of Trog.
    22 | D        | Found a shimmering blue altar of Sif Muna.
    22 | D        | Found a viscous altar of Jiyva.
    22 | D        | Found a hazy altar of Hepliaklqana.
    22 | D        | Found an opulent altar of Gozag.
    23 | D        | Found a glowing golden altar of the Shining One.
    23 | D        | Found a glowing silver altar of Zin.
    23 | D        | Found a basalt altar of Yredelemnul.
    23 | D        | Found a shimmering altar of Xom.
    23 | D        | Found an ornate altar of the Wu Jian Council.
    23 | D        | Found a sacrificial altar of Ru.
    23 | D        | Found a stormy altar of Qazlal.
    23 | D        | Found an iron altar of Okawaru.
    23 | D        | Found a sparkling altar of Nemelex Xobeh.
    23 | D        | Found a burning altar of Makhleb.
    23 | D        | Found a blossoming altar of Fedhas.
    23 | D        | Found a white marble altar of Elyvilon.
    23 | D        | Found a shadowy altar of Dithmenos.
    23 | D        | Found a snail-covered altar of Cheibriados.
    25 | D        | Found a radiant altar of Vehumet.
    25 | D        | Found a corrupted altar of Lugonu.
    26 | D        | Found a hide-covered altar of Uskayaw.
    26 | D        | Found an ancient bone altar of Kikubaaqudgha.
    26 | D        | Found a broken altar of Ashenzari.
    37 | D        | Became a worshipper of Zin the Law-Giver
    93 | D        | Noticed a scorpion
   121 | D        | Reached skill level 1 in Throwing
   130 | D        | Reached XP level 3. HP: 6/24 MP: 3/3
   136 | D        | Killed a scorpion
   137 | D        | Reached skill level 5 in Fighting
   137 | D        | Reached skill level 3 in Maces & Flails
   137 | D        | Reached skill level 5 in Armour
   137 | D        | Reached skill level 1 in Dodging
   137 | D        | Reached skill level 5 in Shields
   137 | D        | Reached XP level 4. HP: 31/31 MP: 4/4
   154 | D        | Noticed Menkaure
   154 | D        | Noticed a kobold brigand
   211 | D        | Reached skill level 4 in Maces & Flails
   220 | D        | Reached XP level 5. HP: 25/36 MP: 5/5
   274 | D        | Killed Menkaure
   275 | D        | Reached skill level 6 in Maces & Flails
   275 | D        | Reached XP level 6. HP: 17/42 MP: 6/6
   331 | D        | Noticed Sigmund
   334 | D        | Killed Sigmund
   335 | D        | Reached skill level 7 in Maces & Flails
   386 | D        | Reached skill level 8 in Maces & Flails
   386 | D        | Reached XP level 7. HP: 48/48 MP: 7/7
   449 | D        | Reached * piety under Zin
   452 | D        | Noticed a komodo dragon
   487 | D        | Killed a komodo dragon
   488 | D        | Reached skill level 9 in Maces & Flails
   488 | D        | Reached skill level 1 in Stealth
   630 | D        | Noticed Prince Ribbit
   646 | D        | Reached skill level 10 in Maces & Flails
   661 | D        | Killed Prince Ribbit
   662 | D        | Reached XP level 8. HP: 29/55 MP: 8/8
   756 | D        | Noticed a flying skull
   756 | D        | Noticed an orc high priest
   762 | D        | Noticed a ynoxinul
   766 | D        | Noticed a smoke demon
   785 | D        | Reached skill level 11 in Maces & Flails
   787 | D        | Noticed a hellwing
   793 | D        | HP: 2/56 [orc high priest/divine providence (13)]
   797 | D        | Noticed a ynoxinul
   803 | D        | Killed a flying skull
   804 | D        | Reached skill level 1 in Invocations
   810 | D        | Killed an orc high priest
   811 | D        | Reached skill level 10 in Fighting
   811 | D        | Reached skill level 12 in Maces & Flails
   811 | D        | Reached skill level 10 in Armour
   811 | D        | Reached XP level 9. HP: 39/62 MP: 8/10
   847 | D        | Found the +5 Lochaber axe {reach-cleave, Poleaxe Drain}
  1203 | D        | Noticed a cane toad
  1210 | D        | Killed a cane toad
  1211 | D        | Reached skill level 13 in Maces & Flails
  1211 | D        | Reached skill level 10 in Shields
  1298 | D        | Noticed a kobold demonologist
  1298 | D        | Noticed a kobold demonologist
  1298 | D        | Noticed a lindwurm
  1298 | D        | Noticed a kobold demonologist
  1299 | D        | Noticed a kobold demonologist
  1304 | D        | Noticed a rust devil
  1305 | D        | Killed a kobold demonologist
  1309 | D        | Noticed Pikel
  1309 | D        | Noticed a guardian mummy
  1313 | D        | Killed a kobold demonologist
  1317 | D        | Killed a kobold demonologist
  1318 | D        | Reached XP level 10. HP: 9/70 MP: 10/12
  1322 | D        | Killed a lindwurm
  1323 | D        | Reached skill level 14 in Maces & Flails
  1339 | D        | Killed a kobold demonologist
  1364 | D        | Killed Pikel
  1540 | D        | Reached skill level 15 in Maces & Flails
  1552 | D        | Reached XP level 11. HP: 68/78 MP: 13/13
  1584 | D        | Reached ** piety under Zin
  1589 | D        | Noticed a deep elf zephyrmancer
  1598 | D        | Killed a deep elf zephyrmancer
  1620 | D        | Noticed an orc high priest
  1626 | D        | Noticed a manticore
  1627 | D        | Noticed a cyclops
  1632 | D        | Noticed a boulder beetle
  1645 | D        | Killed from afar by a manticore

Illustrated notes

Levels and vault maps discovered:
D:        pitsprint [storerooms_1, entrance_room_1, metal_vault_1, armoury_2,
          mini_pit_1, grid_room_1, main_hall_1, silver_pit, the_coven_1,
          the_vestibule_1, steel_vault_5, golden_pit, hallway_of_sentries,
          crystal_vault_1, iron_vault_3, final_vault]

Skill      XL: |  1  2  3  4  5  6  7  8  9 10 |
---------------+-------------------------------+-----
Fighting       | 4 5 6 7 8 10 11 13 | 13.9
Armour         | 4 5 6 7 8 10 11 14 | 14.6
Shields        | 4 5 6 7 8 9 10 11 | 11.3
Throwing       | 1 2 3 |  3.3
Maces & Flails | 3 4 6 8 10 12 13 15 | 15.7
Dodging        | 1 2 3 4 |  4.4
Stealth        | 1 2 |  2.1
Invocations    | 1 2 3 |  3.4

Action                     |  1- 3 |  4- 6 |  7- 9 | 10-12 || total
---------------------------+-------+-------+-------+-------++-------
  Melee: Flail             |     3 |       |       |       ||     3
         Mace              |    38 |    45 |   170 |       ||   253
         Dire flail        |       |       |    25 |    93 ||   118
  Throw: Stone             |    10 |       |       |       ||    10
 Invoke: Recite            |       |       |     1 |     1 ||     2
         Vitalisation      |       |       |       |     1 ||     1
    Use: Potion            |     1 |     1 |     8 |     3 ||    13
         Scroll            |       |       |     1 |       ||     1
 Armour: Scale mail        |    36 |    26 |       |       ||    62
         Plate armour      |       |     5 |   138 |    92 ||   235
  Dodge: Dodged            |    31 |    31 |   113 |    86 ||   261
  Block: Buckler           |    15 |    22 |    43 |       ||    80

Table legend: (Time is in decaauts)
 A = Elapsed time spent in this place.
 B = Non-inter-level travel time spent in this place.
 C = Inter-level travel time spent in this place.
 D = Time resting spent in this place.
 E = Time spent auto-exploring this place.
 F = Levels seen in this place.
 G = Mean time per level.
                   A        B        C        D        E       F      G
               +--------+--------+--------+--------+--------+-----+--------+
         Total |   1653 |   1651 |      2 |    601 |    235 |   1 | 1653.0 |
       Dungeon |   1653 |   1651 |      2 |    601 |    235 |   1 | 1653.0 |
               +--------+--------+--------+--------+--------+-----+--------+

Top non-repeatable levels by time:
       D: 1653 daAuts
